 Dungeon Crawl Stone Soup version 0.24-b1 (webtiles) character file.

Game seed: 15098859542459123648, levelgen mode: deterministic

2037 Chiseanne the Magician (level 9, -11/64 HPs)
             Began as a Formicid Skald on Oct 13, 2019.
             Was an Initiate of Gozag.
             Mangled by Harold
             ... wielding a +0 scimitar
              (21 damage)
             ... on level 7 of the Dungeon.
             The game lasted 00:15:42 (6863 turns).

Chiseanne the Magician (Formicid Skald)             Turns: 6863, Time: 00:15:42

Health: -11/64     AC: 11    Str: 19    XL:     9   Next: 48%
Magic:  17/17      EV:  7    Int: 13    God:    Gozag
Gold:   80         SH:  0    Dex: 13    Spells: 11/19 levels left

rFire    . . .     SeeInvis +   a - +4 mace (venom)
rCold    . . .     Gourm    .   (no shield)
rNeg     . . .     Faith    .   j - +0 ring mail
rPois    .         Spirit   .   (helmet unavailable)
rElec    .         Reflect  .   (no cloak)
rCorr    .         Harm     .   C - +2 pair of gloves {Str+3}
MR       .....                  o - +1 pair of boots
Stlth    +.........             m - amulet of magic regeneration
HPRegen  0.20/turn              (no ring)
MPRegen  0.40/turn              (no ring)

@: held
A: permanent stasis, dig shafts and tunnels, four strong arms, antennae 3
a: Dig, Shaft Self, Potion Petition, Call Merchant, Bribe Branch, Renounce
Religion


You were on level 7 of the Dungeon.
You worshipped Gozag.
Gozag was noncommittal.
You were not hungry.

You visited 2 branches of the dungeon, and saw 8 of its levels.

You collected 1036 gold pieces.
You spent 210 gold pieces at shops.
You paid 746 gold pieces to Gozag.

Inventory:

Hand Weapons
 a - a +4 mace of venom (weapon)
 f - a +2 glaive of protection
 g - a +0 club {*** Badass Ugly Stick ***}
 s - a +2 flail of protection
 t - a +0 broad axe
 w - a +0 hunting sling
Missiles
 e - 79 bolts
 i - 203 stones
 k - 7 javelins
 l - 96 arrows
 q - 20 sling bullets
 r - 14 poisoned darts
 A - 3 curare-tipped darts (quivered) {* Handle with care *}
Armour
 j - a +0 ring mail (worn)
 o - a +1 pair of boots (worn)
 B - a +2 robe of the Archmagi
 C - a +2 pair of gloves of strength (worn)
Jewellery
 c - an uncursed ring of positive energy {unknown}
 m - an amulet of magic regeneration (around neck)
Scrolls
 b - 2 scrolls of remove curse
 u - 2 scrolls of magic mapping
 y - a scroll of identify
Potions
 h - 3 potions of brilliance
 n - a potion of curing
 p - a potion of magic
 x - a potion of resistance
 z - a potion of agility
 D - a potion of heal wounds
Comestibles
 d - 5 rations


   Skills:
 - Level 3.3 Fighting
   Level 2.0 Long Blades
 * Level 4.7 Maces & Flails
 * Level 5.5 Armour
 * Level 5.2 Dodging
 * Level 5.8 Spellcasting
 * Level 5.8 Charms


You had 11 spell levels left.
You knew the following spells:

 Your Spells              Type           Power        Failure   Level  Hunger
a - Infusion              Chrm           ###.         2%          1    None
b - Song of Slaying       Chrm           ###.....     3%          2    ##.....
c - Shroud of Golubria    Chrm/Tloc      ##....       13%         2    ##.....
d - Regeneration          Chrm/Necr      ##........   26%         3    ###....

Your spell library contained the following spells:

 Spells                   Type           Power        Failure   Level  Hunger
 Spectral Weapon          Hex/Chrm       ##......     26%         3    ###....


Dungeon Overview and Level Annotations

Branches:
Dungeon (7/15)             Temple (1/1) D:6

Altars:
Ashenzari
Cheibriados
Dithmenos
Elyvilon
Fedhas
Gozag
Hepliaklqana
Kikubaaqudgha
Makhleb
Nemelex Xobeh
Qazlal
Ru
Sif Muna
Uskayaw
Wu Jian
Xom
Yredelemnul
Zin

Shops:
D:6 [

Annotations:
D:6 Prince Ribbit
D:7 Harold


Innate Abilities, Weirdness & Mutations

You cannot be hasted, slowed, berserked, paralysed or teleported.
You can dig through walls and to a lower floor.
Your four strong arms can wield two-handed weapons with a shield.
You have a pair of large antennae on your head. (SInv)


Message History

The burst of metal fragments hits Harold but does no damage.
The burst of metal fragments hits Harold. x2
Harold is lightly wounded.
The ogre shouts!
Evoke which item? (* to show all) (? for menu, Esc to quit)
Aiming: Scattershot
Press: ? - help, Shift-Dir - straight line, f/p - Harold
Aim: Harold, wielding a +0 scimitar and wearing a +0 ring mail (lightly wounded)
The burst of metal fragments hits Harold. x4
Harold is lightly wounded.
The now-empty wand crumbles to dust.
Harold hits you with a +0 scimitar!
* * * LOW HITPOINT WARNING * * *
You struggle against the net.
You struggle against the net.
Harold hits you with a +0 scimitar.
* * * LOW HITPOINT WARNING * * *
You struggle against the net.
Harold closely misses you.
The ogre weeps quietly.
You struggle against the net.
Harold hits you with a +0 scimitar!!
You die...
Your body crumbles into a pile of gold.

### #.. #.# ##.## #...
#..# { #..####.#
#.@.....# ## #@#######
##.. ###.##.####
##...#######..#))....##
.............###......+
#......####..#)...#.##
##........#.#.#..## #
#..##.##<#.###%##
#.....##.#.. ...
#.##..##.### #.##


You could see Harold.

Vanquished Creatures
  A phantom (D:5)
  3 ice beasts
  5 ogres
  A centaur (D:5)
  Blork the orc (D:6)
  3 bullfrogs (D:6)
  A scorpion (D:5)
  A jelly (D:5)
  4 crimson imps
  A hound (D:6)
  A centaur zombie (D:6)
  3 orc priests (D:7)
  2 orc wizards
  2 centaur skeletons
  3 iguanas
  4 worker ants
  A hound zombie (D:5)
  A hound skeleton (D:5)
  Robin (D:3)
  5 adders
  2 shadow imps (D:5)
  An ooze (D:2)
  7 dart slugs
  16 orcs
  2 ball pythons
  7 bats
  8 giant cockroaches
  17 goblins
  13 hobgoblins
  16 jackals
  7 kobolds
  2 quokkas (D:6)
  6 frilled lizards
  A jackal skeleton (D:4)
  2 quokka skeletons
  5 rats
156 creatures vanquished.

Notes
Turn   | Place    | Note
-------+----------+-------------------------------------------
     0 | D:1      | Chiseanne the Formicid Skald began the quest for the Orb.
     0 | D:1      | Reached XP level 1. HP: 16/16 MP: 3/3
    76 | D:1      | Reached XP level 2. HP: 19/23 MP: 5/5
   466 | D:1      | Reached XP level 3. HP: 28/28 MP: 6/6
  1290 | D:2      | Reached XP level 4. HP: 19/35 MP: 8/8
  1699 | D:2      | Found a hazy altar of Hepliaklqana.
  1703 | D:2      | Found a sparkling altar of Nemelex Xobeh.
  1706 | D:2      | Found a snail-covered altar of Cheibriados.
  2192 | D:3      | Found a glowing silver altar of Zin.
  2193 | D:3      | Found an opulent altar of Gozag.
  2270 | D:3      | Became a worshipper of Gozag Ym Sagoz the Greedy
  2315 | D:3      | Reached XP level 5. HP: 40/41 MP: 9/9
  2575 | D:3      | Reached skill level 1 in Maces & Flails
  2692 | D:3      | Reached XP level 6. HP: 12/47 MP: 11/11
  2979 | D:3      | Noticed Robin
  3016 | D:3      | Killed Robin
  3405 | D:4      | Noticed an ogre
  3414 | D:4      | Killed an ogre
  3487 | D:4      | Noticed an ogre
  3497 | D:4      | Killed an ogre
  3497 | D:4      | Reached XP level 7. HP: 47/52 MP: 11/13
  4099 | D:5      | Entered Level 5 of the Dungeon
  4329 | D:5      | Found an ancient bone altar of Kikubaaqudgha.
  4423 | D:5      | Found a shimmering blue altar of Sif Muna.
  4426 | D:5      | Found a blossoming altar of Fedhas.
  4585 | D:5      | Reached XP level 8. HP: 28/58 MP: 14/14
  5377 | D:6      | Reached skill level 5 in Charms
  5436 | D:6      | Found a staircase to the Ecumenical Temple.
  5451 | Temple   | Entered the Ecumenical Temple
  5599 | D:6      | Reached skill level 5 in Spellcasting
  5683 | D:6      | Learned a level 2 spell: Song of Slaying
  5686 | D:6      | Learned a level 2 spell: Shroud of Golubria
  5690 | D:6      | Learned a level 3 spell: Regeneration
  5832 | D:6      | Reached XP level 9. HP: 52/64 MP: 16/16
  6047 | D:6      | Reached skill level 5 in Armour
  6224 | D:6      | Noticed Blork the orc
  6241 | D:6      | Killed Blork the orc
  6247 | D:6      | Reached skill level 5 in Dodging
  6247 | D:6      | Noticed Prince Ribbit
  6253 | D:6      | HP: 3/64 [Prince Ribbit (7)]
  6553 | D:6      | Bought a pair of runed gloves for 210 gold pieces
  6635 | D:6      | Found a sacrificial altar of Ru.
  6848 | D:7      | Noticed Harold
  6863 | D:7      | Mangled by Harold

Skill      XL: |  1  2  3  4  5  6  7  8  9 |
---------------+----------------------------+-----
Dodging        | 2 3 4 5 |  5.2
Fighting       | 3 |  3.3
Spellcasting   | 3 4 5 |  5.8
Maces & Flails | 1 2 3 4 |  4.7
Armour         | 2 3 4 5 |  5.5
Charms         | 4 5 |  5.8
Long Blades    | |  2.0

Action                   |  1- 3 |  4- 6 |  7- 9 || total
-------------------------+-------+-------+-------++-------
Melee: Falchion          |   106 |    43 |       ||   149
       Mace              |       |   123 |   227 ||   350
Throw: Dart              |     1 |     3 |    15 ||    19
       Stone             |       |     5 |     1 ||     6
Invok: Call Merchant     |       |       |     1 ||     1
Evoke: Wand              |       |       |     5 ||     5
  Use: Scroll            |     6 |     6 |     8 ||    20
       Potion            |       |       |     2 ||     2
 Stab: Distracted        |       |       |     3 ||     3
  Eat: Chunk             |     1 |     3 |       ||     4
       Ration            |       |     2 |     3 ||     5
Armor: Leather armour    |    41 |     1 |       ||    42
       Ring mail         |       |    79 |    63 ||   142
       Skin              |       |       |    21 ||    21
Dodge: Dodged            |    88 |   139 |   146 ||   373
       Rpst.: Falchion   |    23 |    10 |       ||    33
